AoeStats
← HR Pinkman

Black Forest

509493859Analyzed
4v4 RM · 4d ago on Sep 27, 2026· 43m 45s· 8 players
Game mode
Random Map
Map size
Large (8 player)
Population
200
Speed
Normal
Resources
Standard
Victory
Conquest
Starting age
Dark Age
Ending age
Imperial Age
RankedLock teamsTeams togetherTeam positionsShared explorationLock speedFull tech treeHidden civsTurbo modeCheats
Victory
Defeat
🇨🇱 Armenians · Chile
1901
+11
🇨🇱 Vietnamese · Chile
1884
+11
🇨🇱 Turks · Chile
1882
+11
🇨🇱 Burgundians · Chile
1873
+12
🇧🇷 Bohemians · Brazil
1895
-16
🇦🇷 Saracens · Argentina
1778
-11
🇪🇨 Bulgarians · Ecuador
1757
-10
🇦🇷 Malians · Argentina
1687
-8
[SiG] Eagle
10:56 Feudal Age
14:29 Castle Age
12:21 Double-Bit Axe
13:48 Horse Collar
17:13 Bow Saw
20:45 Wheelbarrow
22:19 Stone Mining
23:02 Gold Mining
24:14 Hand Cart
28:09 Imperial Age
26:04 Padded Archer Armor
28:13 Leather Archer Armor
28:44 Scale Barding Armor
28:14 Elite Mameluke
30:09 Coinage
30:23 Ring Archer Armor
30:16 Chain Barding Armor
31:15 Husbandry
31:26 Bloodlines
32:12 Banking
32:23 Onager
34:55 Plate Barding Armor
34:50 Ring Archer Armor
34:44 Conscription
34:43 Siege Engineers
35:40 Chemistry
34:33 Fletching
35:09 Siege Onager
37:43 Caravan
[SiG] Mufasa
0:55 Loom
11:33 Feudal Age
12:57 Double-Bit Axe
15:18 Castle Age
13:31 Horse Collar
16:15 Bow Saw
23:45 Imperial Age
23:36 Chemistry
25:00 Padded Archer Armor
31:40 Conscription
31:42 Hussite Reforms
33:15 Sanctity
33:11 Block Printing
33:06 Fervor
34:38 Wheelbarrow
34:32 Redemption
34:47 Illumination
36:11 Theocracy
42:25 Houfnice
Eärnur
11:34 Feudal Age
12:59 Double-Bit Axe
15:17 Castle Age
14:02 Horse Collar
16:14 Bow Saw
16:07 Heavy Plow
18:58 Scale Barding Armor
23:00 Light Cavalry
27:05 Forging
26:55 Loom
28:29 Husbandry
28:44 Bloodlines
29:32 Chain Barding Armor
33:54 Imperial Age
33:25 Iron Casting
33:41 Wheelbarrow
32:57 Town Watch
33:31 Husbandry
33:35 Stirrups
34:05 Masonry
34:04 Devotion
34:08 Gold Mining
34:09 Stone Mining
34:55 Hand Cart
35:48 Plate Barding Armor
36:29 Chemistry
37:08 Blast Furnace
36:50 Conscription
36:45 Guard Tower
36:46 Fletching
36:57 Elite Konnik
38:51 Bodkin Arrow
40:05 Scale Mail Armor
NoSoyNobu
0:46 Loom
11:59 Feudal Age
14:32 Double-Bit Axe
14:48 Horse Collar
16:34 Fletching
31:24 Castle Age
31:45 Gold Mining
31:46 Stone Mining
32:45 Bow Saw
33:52 Redemption
33:44 Atonement
HR itu
4:04 Double-Bit Axe
11:17 Feudal Age
15:04 Castle Age
13:40 Bow Saw
13:30 Horse Collar
14:54 Heavy Plow
16:25 Wheelbarrow
19:53 Hand Cart
21:24 Stone Mining
21:25 Gold Mining
24:52 Loom
27:51 Imperial Age
26:11 Coinage
26:40 Scale Mail Armor
26:51 Forging
27:38 Gold Shaft Mining
28:26 Pikeman
29:06 Squires
30:11 Chemistry
29:28 Chain Mail Armor
29:48 Iron Casting
29:51 Conscription
29:06 Halberdier
30:59 Two-Man Saw
31:52 Plate Mail Armor
31:34 Arson
33:48 Blast Furnace
32:49 Padded Archer Armor
33:11 Caravan
34:59 Elite Skirmisher
35:30 Fletching
35:56 Leather Archer Armor
36:03 Ballistics
35:42 Imperial Skirmisher
37:06 Bodkin Arrow
39:36 Bracer
41:43 Bombard Tower
41:13 Guard Tower
HR Whitecourt
0:48 Loom
9:55 Feudal Age
10:25 Double-Bit Axe
13:14 Horse Collar
20:19 Castle Age
21:19 Bow Saw
21:11 Heavy Plow
21:12 Fletching
23:06 Wheelbarrow
27:32 Hand Cart
27:38 Town Watch
28:16 Stone Mining
28:16 Gold Mining
33:54 Imperial Age
31:23 Bodkin Arrow
31:50 Fortified Wall
32:38 Stone Shaft Mining
32:56 Padded Archer Armor
33:16 Ballistics
33:07 Masonry
34:10 Leather Archer Armor
35:50 Chemistry
35:43 Bracer
36:33 Ring Archer Armor
36:09 Thumb Ring
35:26 Elite Rattan Archer
35:43 Onager
37:15 Paper Money
37:57 Two-Man Saw
37:27 Crop Rotation
37:35 Bombard Tower
37:51 Sappers
39:52 Treadmill Crane
40:09 Murder Holes
41:46 Hoardings
42:19 Siege Engineers
43:01 Scale Barding Armor
43:22 Elite Battle Elephant
HR Pinkman
0:43 Loom
11:13 Feudal Age
15:22 Castle Age
13:31 Double-Bit Axe
13:27 Horse Collar
24:49 Imperial Age
23:57 Gold Mining
26:11 Masonry
31:06 Padded Archer Armor
33:12 Leather Archer Armor
34:18 Artillery
41:32 Wheelbarrow
41:07 Bow Saw
40:58 Heavy Plow
41:16 Fletching
41:48 Ballistics
42:27 Crossbowman
43:26 Thumb Ring
43:21 Bodkin Arrow
HR Sobek
10:18 Feudal Age
14:10 Castle Age
12:32 Double-Bit Axe
13:05 Gold Mining
14:41 Horse Collar
15:16 Bow Saw
17:55 Sanctity
19:18 Redemption
20:01 Loom
20:52 Wheelbarrow
24:24 Scale Mail Armor
29:44 Imperial Age
30:14 Fletching
32:14 Chain Mail Armor
32:10 Forging
32:35 Fervor
33:39 Plate Mail Armor
34:38 Fereters
35:52 Iron Casting
36:11 Squires
37:49 Blast Furnace
37:15 Conscription
37:17 Heavy Plow
37:12 Arson
37:48 Hand Cart
37:20 Town Watch
38:47 Caravan
40:03 Gold Shaft Mining
39:19 Stone Mining
41:00 Onager
42:51 Gambesons
42:27 Man-at-Arms
44:15 Coinage
Connection lost

Rejoining the realm…

Still unreachable

The connection could not be restored.

Session expired

The server has moved on; the page needs a fresh start.